 Dungeon Crawl Stone Soup version 0.25-a0-513-ge77a69270c (webtiles) character file.

Game seed: 349036118052534136, levelgen mode: classic

21 EnegeticOcto the Shield-Bearer (level 2, -8/27 HPs)
             Began as a Deep Dwarf Fighter on Feb 16, 2020.
             Mangled by an ogre
             ... wielding a +0 giant club
              (17 damage)
             ... on level 4 of the Dungeon.
             The game lasted 00:00:15 (191 turns).

EnegeticOcto the Shield-Bearer (Deep Dwarf Fighter)  Turns: 191, Time: 00:00:15

Health: -8/27      AC:  6    Str: 19    XL:     2   Next: 62%
Magic:  2/2        EV:  7    Int:  8    God:
Gold:   0          SH:  9    Dex: 12    Spells: 1/1 levels left

rFire    . . .     SeeInvis .   a - +0 broad axe
rCold    . . .     Gourm    .   c - +0 kite shield
rNeg     . . .     Faith    .   b - +0 scale mail
rPois    .         Spirit   .   (no helmet)
rElec    .         Reflect  .   (no cloak)
rCorr    .         Harm     .   (no gloves)
MR       .....                  (no boots)
Stlth    ..........             (no amulet)
HPRegen  0.00/turn              (no ring)
MPRegen  0.08/turn              (no ring)

@: non-regenerating
A: damage resistance, heal wounds, sense surroundings 1, no regeneration
a: Heal Wounds


You were on level 4 of the Dungeon.
You were not hungry.

You visited 1 branch of the dungeon, and saw 4 of its levels.

Inventory:

Hand Weapons
 a - a +0 broad axe (weapon)
Armour
 b - a +0 scale mail (worn)
 c - a +0 kite shield (worn)
Scrolls
 g - a scroll of enchant weapon {unknown}
Potions
 d - a potion of might {@q3}
Comestibles
 e - a ration
 f - 2 chunks of flesh


   Skills:
 + Level 2.8 Fighting
 * Level 2.8 Axes
 + Level 3.4 Armour
 + Level 0.8 Dodging
 + Level 3.4 Shields


You had one spell level left.
You didn't know any spells.
Your spell library was empty.

Dungeon Overview and Level Annotations

Branches:
Dungeon (4/15)
 Temple: D:4-7

Altars:


Innate Abilities, Weirdness & Mutations

You are resistant to damage.
You can heal yourself by infusing magical energy.
You passively map a small area around you.
You do not regenerate.


Message History

The jackal barks! x2; You hear a bark! x3
Found a leather armour.
You closely miss the jackal. You block the jackal's attack.
The jackal bites you.
You miss the jackal. The jackal completely misses you.
The jackal closely misses you.
You barely miss the jackal.
Your shield and scale mail prevent you from hitting the jackal.
You block the jackal's attack. x2; The jackal bites you.
The jackal barely misses you.
The jackal bites you but does no damage.
You closely miss the jackal. You hit the jackal. You slash the jackal!
You kill the jackal!
You block the jackal's attack. x2; The jackal closely misses you.
The jackal bites you. The jackal closely misses you.
You barely miss the jackal.
The jackal is heavily wounded.
You hit the jackal. x2; You block the jackal's attack.
The jackal barely misses you. x2; You block the jackal's attack.
The jackal bites you but does no damage.
The jackal bites you. The jackal closely misses you.
You barely miss the jackal.
The jackal is almost dead.
You closely miss the jackal.
Your shield prevents you from hitting the jackal.
The jackal bites you.
The jackal bites you but does no damage. x3
You block the jackal's attack.
The jackal bites you but does no damage. x2
You closely miss the jackal.
The jackal is almost dead.
You hit the jackal. You closely miss the jackal.
The jackal bites you but does no damage.
The jackal closely misses you.
The jackal bites you but does no damage.
You block the jackal's attack. x2; The jackal completely misses you.
You slash the jackal!
You kill the jackal!
You slash the jackal!
You kill the jackal!
You slash the jackal!
You kill the jackal!
No target in view!
No target in view!
No target in view!
No target in view!
No target in view!
No target in view!
No target in view!
No target in view!
No target in view!
No target in view!
(D) Dungeon
Where to? (Enter - D:4, ? - help)
There is a stone staircase leading down here.
You climb downwards.
There is a stone staircase leading up here.
g - a scroll labeled BOSTRU FUANURUY
Found a stone staircase leading down.
No target in view!
You feel much better.
No target in view!
Found a quarterstaff.
A leopard gecko comes into view.
A leopard gecko is nearby!
A leopard gecko is nearby!
The leopard gecko barely misses you.
Found a trident.
You slash the leopard gecko!
You kill the leopard gecko!
No target in view!
No target in view!
No target in view!
No target in view!
No target in view!
No target in view!
Found a helmet.
Found a mace.
A worker ant and an ogre come into view.
The ogre shouts!
The worker ant twitches its antennae in your direction.
Found a scroll labeled XEEXAKKOWOO and a scroll labeled DOSUDAZAZY.
The ogre hits you with a +0 giant club!
You hit the ogre.
The ogre is lightly wounded.
The ogre hits you with a +0 giant club!
You are too injured to fight recklessly!
You are too injured to fight recklessly!
You are too injured to fight recklessly!
You are too injured to fight recklessly!
You are too injured to fight recklessly!
You are too injured to fight recklessly!
You are too injured to fight recklessly!
You are too injured to fight recklessly!
You are too injured to fight recklessly!
There are monsters nearby!
You fail to use your ability.
The ogre hits you with a +0 giant club!!
Ouch! That really hurt!
You die...

* , ....##.#.#..,,...# *
#.#.##.#.#.#* ..# ,
#.#.##.#.#.# ..# **
#.###..........####..##
..)...)................
* #.####.##.#........)##
, #.##.###.##....#
###.####.##.###.##.####
*,
.....aO@.##...........##
*
##.?###....>....##.#....
, * #.####.#####.##.## ,
* #.# .# #.##.# * #.# .#
#.##.# , #.# * #.##.#
#?. ..##.# * ### * ,*
..##.# * ..##.


You could see an ogre and a worker ant.

Vanquished Creatures
  An adder (D:3)
  A worm (D:3)
  A leopard gecko (D:4)
  4 jackals (D:3)
  A goblin (D:3)
  A rat (D:3)
9 creatures vanquished.

Notes
Turn   | Place    | Note
-------+----------+-------------------------------------------
     0 | D:1      | EnegeticOcto the Deep Dwarf Fighter began the quest for the
                  | Orb.
     0 | D:1      | Reached XP level 1. HP: 20/20 MP: 1/1
   112 | D:3      | Reached XP level 2. HP: 16/27 MP: 2/2
   188 | D:4      | Noticed an ogre
   191 | D:4      | Mangled by an ogre

Levels and vault maps discovered:
D:1:      dpeg_arrival_fog, layout_basic
D:2:      minmay_chambers_of_ones, layout_basic, lemuel_crystal_altar,
          nicolae_overflow_crystal_walls, nicolae_overflow_hidden_temple,
          first_ration, minmay_misc_feat_tiny, guppyfry_early_lair_pool
D:3:      layout_rooms, lightli_temple_of_fire, minmay_cupped
D:4:      layout_loops_ring, nicolae_ashenzari_panopticon,
          minmay_temple_entry_glass, corexii_leaking_fountain, uniq_ijyb

Action                   || total
-------------------------++-------
Melee: War axe           ||    12
       Broad axe         ||    19
 Abil: Heal Wounds       ||     1
Armor: Scale mail        ||    18
Dodge: Dodged            ||    18
Block: Kite shield       ||    19

Table legend:
 A = Non-vault XP
 B = Vault XP
 C = Vault XP percentage of total XP
 D = Non-vault monster count
 E = Vault monster count
 F = Vault count percentage of total count
                 A         B        C        D         E       F
            +---------+---------+-------+---------+---------+-------
      Total |      30 |       0 |   0.0 |       9 |       0 |   0.0
            +---------+---------+-------+---------+---------+-------
        D:3 |      27 |       0 |   0.0 |       8 |       0 |   0.0
        D:4 |       3 |       0 |   0.0 |       1 |       0 |   0.0
            +---------+---------+-------+---------+---------+-------
